 Dungeon Crawl Stone Soup version 0.31.0-9-g3a7656b989 (webtiles) character file.

Game seed: 8177410358708071506

4551 Killerpretzel the Thaumaturge (level 10, -2/50 HPs)
             Began as a Deep Elf Conjurer on Jan 25, 2024.
             Was a Believer of Vehumet.
             Shot with an arrow by a centaur (11 damage)
             ... on level 10 of the Dungeon.
             The game lasted 00:47:38 (10312 turns).

Killerpretzel the Thaumaturge (Deep Elf Conjurer)  Turns: 10312, Time: 00:47:38

Health: -2/50      AC:  5    Str:  4    XL:     10   Next: 17%
Magic:  23/29      EV: 13    Int: 28    God:    Vehumet [**....]
Gold:   611        SH:  0    Dex: 13    Spells: 31/36 levels left

rFire   . . .        O - +2 flail (protect)
rCold   . . .        (no shield)
rNeg    . . .        a - +0 robe
rPois   .            m - +0 helmet
rElec   .            x - +0 cloak
rCorr   +            B - +0 pair of gloves
SInv    .            (no boots)
Will    ++...        z - amulet of regeneration
Stlth   ++           d - ring of willpower
HPRegen 1.08/turn    J - ring of resist corrosion
MPRegen 0.21/turn

%: no passive effects
@: hasted, very quick
A: no striking features
a: Renounce Religion


You were on level 10 of the Dungeon.
You worshipped Vehumet.
Vehumet was pleased with you.
You visited 2 branches of the dungeon, and saw 11 of its levels.

You collected 611 gold pieces.

Inventory:

Hand Weapons
 l - a +1 dagger of venom
 O - a +2 flail of protection (weapon)
 S - the +9 great mace "Trog's Anger" {freeze, rPois rN+}
   (You found it on level 9 of the Dungeon)

   rPois:     It protects you from poison rN+: It protects you from negative
   energy.
Missiles
 D - 3 throwing nets
Armour
 a - a +0 robe (worn)
 m - a +0 helmet (worn)
 x - a +0 cloak (worn)
 B - a +0 pair of gloves (worn)
 N - a +1 chain mail of fire resistance
Jewellery
 d - a ring of willpower (left hand)
 i - a +6 ring of strength
 z - an amulet of regeneration (around neck)
 J - a ring of resist corrosion (right hand)
 T - an amulet of faith
Wands
 v - a wand of polymorph (7)
 w - a wand of flame (14)
 C - a wand of iceblast (12)
 I - a wand of charming (10)
 K - a wand of mindburst (15)
 R - a wand of digging (7)
Scrolls
 c - 7 scrolls of identify
 e - 2 scrolls of amnesia
 g - a scroll of summoning {unknown}
 n - 5 scrolls of revelation
 q - 2 scrolls of vulnerability
 r - a scroll of silence {unknown}
 s - 4 scrolls of teleportation
 t - 4 scrolls of fog
 y - 2 scrolls of brand weapon {unknown}
 A - a scroll of blinking {unknown}
 F - a scroll of poison {unknown}
 H - 2 scrolls of immolation {unknown}
 M - 2 scrolls of enchant armour {unknown}
 P - 2 scrolls of noise {unknown}
Potions
 b - 2 potions of brilliance {unknown}
 f - a potion of heal wounds {unknown}
 h - a potion of lignification
 j - 2 potions of haste
 k - a potion of berserk rage {unknown}
 o - a potion of resistance {unknown}
 p - 2 potions of enlightenment
 u - 2 potions of cancellation
 E - a potion of ambrosia {unknown}
 G - a potion of might {unknown}
 L - 2 potions of mutation


   Skills:
 - Level 3.8 Dodging
 - Level 4.0 Stealth
 * Level 13.5 Spellcasting
 * Level 12.0 Conjurations


You had 31 spell levels left.
You knew the following spells:

 Your Spells              Type           Power      Damage    Failure   Level
a - Magic Dart            Conj           100%       1d8       1%          1
b - Searing Ray           Conj           100%       2d8       1%          2
c - Sublimation of Blood  Necr           18%        N/A       4%          2

Your spell library contained the following spells:

 Spells                   Type           Power      Damage    Failure   Level
 Static Discharge         Conj/Air       100%       3-8/arc   1%          2
 Fulminant Prism          Conj/Alch      25%        3d14      2%          4
 Iskenderun's Mystic Bla  Conj/Tloc      51%        2d11      2%          4
 Call Imp                 Summ           36%        N/A       4%          2
 Ensorcelled Hibernation  Hex/Ice        36%        N/A       4%          2
 Fireball                 Conj/Fire      25%        3d11      7%          5
 Passwall                 Erth           18%        N/A       9%          3
 Swiftness                Air            18%        N/A       9%          3
 Tukima's Dance           Hex            18%        N/A       9%          3
 Volatile Blastmotes      Fire/Tloc      36%        2d13      9%          3
 Cause Fear               Hex            9%         N/A       28%         4
 Passage of Golubria      Tloc           18%        N/A       28%         4
 Yara's Violent Unravell  Hex/Alch       9%         3d6       61%         5
 Sculpt Simulacrum        Ice/Alch       9%         N/A       99%         6
 Ozocubu's Refrigeration  Ice            9%         4d9       100%        7
 Summon Hydra             Summ           9%         N/A       100%        7
 Dragon's Call            Summ           9%         N/A       100%        9
 Polar Vortex             Ice            9%         12d1*     100%        9


Dungeon Overview and Level Annotations

Branches:
Dungeon (10/15)            Temple (1/1) D:6            Lair (0/5) D:9
    Orc (0/2) D:9

Altars:
Ashenzari
Cheibriados
Dithmenos
Elyvilon
Fedhas
Gozag
Hepliaklqana
Kikubaaqudgha
Makhleb
Nemelex Xobeh
Okawaru
Qazlal
Ru
Sif Muna
Trog
Uskayaw
Vehumet
Wu Jian
Xom
Yredelemnul
Zin
The Shining One

Shops:
D:7 *

Annotations:
D:2 exclusion: downstairs
D:6 exclusion: 2 downstairs


Message History

(Press . to maintain the ray.)
The centaur shoots an arrow.
The arrow hits you.
A yak comes into view.
You hear a bellow! x2
There are monsters nearby!
The centaur shoots an arrow.
The arrow hits you.
There is a stone staircase leading up, spattered with blood here.
You see here a howler monkey corpse.
The centaur shoots an arrow.
The arrow hits you.
The centaur shoots an arrow.
The arrow hits you!
* * * LOW HITPOINT WARNING * * *
The centaur shoots an arrow.
The arrow hits you!
* * * LOW HITPOINT WARNING * * *
You hear a bellow!
The centaur shoots an arrow.
The arrow misses you.
The centaur shoots an arrow.
The arrow barely misses you.
Casting: Searing Ray (safe; 1% risk of failure)
Confirm with . or Enter, or press ? or * to list all spells.
Aiming: Magic Dart (safe; 1% risk of failure)
Press: ? - help, Shift-Dir - straight line, f/p - centaur
Aim: a centaur, wielding a +0 shortbow and quivering stones (heavily wounded, 100% to hit)
The magic dart hits the centaur but does no damage.
The centaur is heavily wounded.
The centaur throws a stone.
The stone hits you.
* * * LOW HITPOINT WARNING * * *
There are monsters nearby!
You feel yourself speed up.
A howler monkey comes into view.
Casting: Magic Dart (safe; 1% risk of failure)
Confirm with . or Enter, or press ? or * to list all spells.
You can't see any susceptible monsters within range! (Use Z to cast anyway.)
Casting: Magic Dart (safe; 1% risk of failure)
Confirm with . or Enter, or press ? or * to list all spells.
Aiming: Magic Dart (safe; 1% risk of failure)
Press: ? - help, Shift-Dir - straight line, f/p - centaur
Aim: a centaur, wielding a +0 shortbow and quivering stones (heavily wounded, 100% to hit)
The magic dart hits the centaur.
The centaur is heavily wounded.
The centaur shoots an arrow.
The arrow hits you!
You die...

............
........... .
####.......... ..
##............Y ...
..##......Y......<
...........#..........
h.... #...............
......#####.c<...#....
.......@...##......# #
......####.......#.#
..... ............
#.## .............. #
#.....###.##...
...#### .. .. ..## ..#
...


You could see a centaur and a howler monkey.

Vanquished Creatures
  A wraith (D:9)
  A shadow (D:9)
  6 yaks (D:9)
  2 wyverns (D:9)
  A steam dragon (D:8)
  Edmund (D:5)
  A black bear (D:5)
  5 orc warriors
  An ice beast (D:7)
  2 ogres
  2 centaurs
  A phantom (D:6)
  2 bullfrogs
  2 gnoll sergeants
  9 killer bees (D:8)
  2 bombardier beetles
  3 howler monkeys
  A hound (D:4)
  5 jellies
  5 orc priests
  A gnoll bouda (D:5)
  6 orc wizards
  A sleepcap (D:4)
  2 iguanas
  Robin (D:2)
  15 gnolls
  7 adders
  3 white imps
  2 dart slugs
  41 orcs
  6 bats
  11 endoplasms
  A giant cockroach (D:2)
  13 goblins
  9 hobgoblins
  4 jackals
  4 kobolds
  4 quokkas
  5 ball pythons
  6 frilled lizards
  7 rats
202 creatures vanquished.

Vanquished Creatures (others)
  2 orcs (D:8)
2 creatures vanquished.

Grand Total: 204 creatures vanquished

Notes
Turn   | Place    | Note
-------+----------+-------------------------------------------
     0 | D:1      | Killerpretzel the Deep Elf Conjurer began the quest for the
                  | Orb.
     0 | D:1      | Reached XP level 1. HP: 10/10 MP: 6/6
   222 | D:1      | Reached XP level 2. HP: 15/15 MP: 6/8
   259 | D:1      | Learned a level 2 spell: Searing Ray
   812 | D:2      | Noticed Robin
   863 | D:2      | Killed Robin
   864 | D:2      | Reached XP level 3. HP: 19/19 MP: 0/10
  1155 | D:2      | Found a white marble altar of Elyvilon.
  1564 | D:2      | Reached skill level 4 in Spellcasting
  1564 | D:2      | Reached XP level 4. HP: 7/24 MP: 7/12
  1701 | D:3      | Reached skill level 5 in Conjurations
  1950 | D:3      | Reached XP level 5. HP: 28/28 MP: 11/13
  2863 | D:4      | Reached skill level 5 in Spellcasting
  3300 | D:4      | Found a blossoming altar of Fedhas.
  3516 | D:4      | Reached XP level 6. HP: 28/32 MP: 11/16
  4069 | D:5      | Entered Level 5 of the Dungeon
  4073 | D:5      | Reached skill level 6 in Spellcasting
  4143 | D:5      | Noticed Edmund
  4459 | D:5      | HP: 1/32 [burnt (4)]
  4588 | D:5      | Reached XP level 7. HP: 36/36 MP: 13/19
  4805 | D:5      | Reached skill level 7 in Spellcasting
  5501 | D:5      | Killed Edmund
  5502 | D:5      | Reached skill level 8 in Spellcasting
  5720 | D:6      | Found a sacrificial altar of Ru.
  5779 | D:6      | Reached XP level 8. HP: 38/41 MP: 15/22
  6184 | D:6      | Reached skill level 9 in Spellcasting
  6424 | D:6      | Found a staircase to the Ecumenical Temple.
  6445 | Temple   | Entered the Ecumenical Temple
  6457 | Temple   | Became a worshipper of Vehumet
  6993 | D:7      | Reached skill level 10 in Spellcasting
  7098 | D:7      | Reached * piety under Vehumet
  7098 | D:7      | Offered knowledge of Shock by Vehumet.
  7405 | D:7      | Found Hasomics's General Store.
  7595 | D:8      | Reached XP level 9. HP: 29/45 MP: 10/25
  7797 | D:8      | Reached skill level 11 in Spellcasting
  7797 | D:8      | Reached skill level 10 in Conjurations
  8103 | D:8      | Found a snail-covered altar of Cheibriados.
  8673 | D:9      | Reached skill level 12 in Spellcasting
  8676 | D:9      | Learned a level 2 spell: Sublimation of Blood
  8775 | D:9      | Offered knowledge of Static Discharge by Vehumet.
  8858 | D:9      | Reached ** piety under Vehumet
  9009 | D:9      | Identified the +9 great mace "Trog's Anger" {freeze, rPois
                  | rN+}
  9146 | D:9      | Found a staircase to the Orcish Mines.
  9409 | D:9      | Reached skill level 13 in Spellcasting
  9409 | D:9      | Reached XP level 10. HP: 50/50 MP: 23/29
  9440 | D:9      | Found a staircase to the Lair.
 10158 | D:10     | Entered Level 10 of the Dungeon
 10312 | D:10     | Shot with an arrow by a centaur

Illustrated notes

Levels and vault maps discovered:
D:1:      dpeg_arrival_round_b, layout_rooms, dreamdust_princess_corridor,
          grunt_decor_clamped
D:2:      layout_basic, basic_altar, uniq_robin
D:3:      layout_loops_ring, wander_ebering_terrifying_dragon_lair
D:4:      minmay_razor_zed, layout_loops_ring,
          mainiacjoe_overflow_surrounded_room
D:5:      layout_loops_cross, minivault_24, uniq_edmund
D:6:      layout_loops_ring, hangedman_ru_absence, minmay_temple_entry_ruins
D:7:      layout_rooms, serial_shops, shop
D:8:      layout_basic, marbit_many_paths, eino_jars
D:9:      layout_gridville, lair_entry_dummy, david_orc_3
D:10:     layout_rooms
Temple:   nicolae_temple_bog_church

Skill      XL: |  1  2  3  4  5  6  7  8  9 10 |
---------------+-------------------------------+-----
Stealth        | 3 4 |  4.0
Dodging        | 3 |  3.8
Spellcasting   | 4 5 6 8 10 13 | 13.5
Conjurations   | 5 6 8 9 11 12 | 12.0

Action                     |  1- 3 |  4- 6 |  7- 9 | 10-12 || total
---------------------------+-------+-------+-------+-------++-------
  Melee: Dagger            |     6 |       |     5 |       ||    11
   Cast: Magic Dart        |    51 |   105 |   168 |    15 ||   339
         Searing Ray       |     5 |    15 |    79 |    15 ||   114
  Evoke: Wand              |       |       |     1 |       ||     1
    Use: Potion            |       |     4 |     3 |     1 ||     8
         Scroll            |       |       |    11 |       ||    11
 Armour: Robe              |     7 |    22 |    84 |    18 ||   131
         Skin              |       |       |    34 |       ||    34
  Dodge: Dodged            |     3 |    27 |   103 |     9 ||   142
